AoeStats
← FilmDirector

Nomad

508311063Analyzed
4v4 RM · 12d ago on Sep 21, 2026· 68m 15s· 8 players
Game mode
Random Map
Map size
231×231
Population
200
Speed
Normal
Resources
Standard
Victory
Conquest
Starting age
Dark Age
Ending age
Imperial Age
RankedLock teamsTeams togetherTeam positionsShared explorationLock speedFull tech treeHidden civsTurbo modeCheats
Victory
Defeat
🇨🇭 Italians · Switzerland
1450
+15
🇨🇿 Bohemians · Czechia
1429
+15
🇫🇷 Persians · France
1405
+16
🇲🇩 Dravidians · Moldova
1396
+17
🇨🇳 Persians · China
1494
-19
🇨🇳 Berbers · China
1493
-18
🇨🇳 Japanese · China
1473
-18
🇨🇳 Aztecs · China
1204
-8
tower rusher = kys
13:34 Feudal Age
14:10 Double-Bit Axe
14:07 Horse Collar
16:41 Fishing Lines
18:42 Wheelbarrow
22:04 Castle Age
23:05 Hand Cart
23:15 Bow Saw
23:06 Heavy Plow
24:09 Fletching
24:42 Loom
25:41 Gillnets
25:48 Bodkin Arrow
28:11 Thumb Ring
29:40 Ballistics
30:29 Padded Archer Armor
31:27 Leather Archer Armor
42:15 Imperial Age
42:19 Elite Elephant Archer
43:01 Bracer
44:02 Chemistry
42:24 Siege Elephant
43:43 Ring Archer Armor
45:24 Husbandry
45:40 Town Watch
57:08 Town Patrol
59:37 Two-Man Saw
BehCoY
10:54 Loom
13:00 Feudal Age
14:33 Gold Mining
16:48 Castle Age
15:03 Double-Bit Axe
17:43 Medium Warships
19:27 Bow Saw
23:06 Wheelbarrow
22:16 Fishing Lines
23:29 Stone Mining
23:55 Clinker Construction
26:03 Stone Shaft Mining
28:00 Gillnets
28:58 Treadmill Crane
30:22 Fletching
30:33 Padded Archer Armor
31:04 Ballistics
34:31 Imperial Age
33:38 Bodkin Arrow
36:13 Chemistry
35:15 Bracer
35:54 Leather Archer Armor
37:21 Masonry
38:17 Two-Man Saw
37:02 Horse Collar
36:44 Elite Genoese Crossbowman
39:43 Ring Archer Armor
41:26 Heavy Plow
44:23 Hand Cart
43:54 Town Watch
46:04 Scale Barding Armor
46:10 Forging
47:04 Husbandry
47:14 Bloodlines
46:25 Light Cavalry
47:42 Onager
49:04 Crop Rotation
48:59 Conscription
49:08 Onager
50:18 Masonry
51:05 Light Cavalry
53:24 Chain Barding Armor
53:40 Iron Casting
52:27 Hussar
53:47 Architecture
55:14 Plate Barding Armor
59:33 Blast Furnace
62:03 Guard Tower
61:58 Arrowslits
68:35 Hoardings
FilmDirector
7:13 Loom
12:36 Feudal Age
17:08 Castle Age
18:31 Double-Bit Axe
21:06 Fletching
24:02 Redemption
Yarcla
5:22 Loom
14:45 Feudal Age
15:53 Feudal Age
17:10 Double-Bit Axe
20:52 Castle Age
20:42 Bloodlines
22:10 Scale Barding Armor
22:15 Forging
23:51 Bow Saw
24:55 Fletching
26:55 Fishing Lines
27:59 Gillnets
31:01 Wheelbarrow
30:15 Town Watch
32:45 Chain Barding Armor
33:01 Iron Casting
34:24 Husbandry
36:13 Bodkin Arrow
48:32 Padded Archer Armor
51:29 Imperial Age
48:44 Elite Skirmisher
51:10 Leather Archer Armor
52:05 Leather Archer Armor
51:50 Scale Mail Armor
53:29 Blast Furnace
53:53 Ring Archer Armor
53:30 Squires
55:50 Hand Cart
55:53 Chain Mail Armor
55:00 Pikeman
58:54 Plate Mail Armor
57:45 Halberdier
58:54 Ballistics
59:12 Thumb Ring
63:17 Two-Man Saw
63:50 Conscription
64:29 Elite War Elephant
68:59 Citadels
给你一棒槌
13:02 Feudal Age
13:19 Loom
14:19 Double-Bit Axe
17:01 Castle Age
15:33 Horse Collar
16:28 Forging
16:18 Fishing Lines
17:01 Scale Barding Armor
27:00 Devotion
27:41 Bloodlines
28:08 Chain Barding Armor
28:12 Husbandry
29:48 Iron Casting
30:08 Wheelbarrow
32:27 Gold Mining
36:09 Gold Shaft Mining
36:23 Bow Saw
41:37 Imperial Age
39:06 Fletching
40:47 Kasbah
41:51 Ballistics
42:26 Bodkin Arrow
44:02 Chemistry
43:54 Bracer
44:23 Padded Archer Armor
44:07 Elite Camel Archer
45:52 Conscription
47:10 Maghrebi Camels
47:01 Stone Mining
47:28 Leather Archer Armor
47:10 Town Watch
48:41 Ring Archer Armor
48:58 Hand Cart
49:26 Stone Shaft Mining
48:54 Heavy Plow
52:32 Light Cavalry
55:22 Thumb Ring
56:33 Elite Genitour
真的很弱
13:30 Feudal Age
12:35 Loom
18:18 Castle Age
16:32 Double-Bit Axe
17:28 Stone Mining
17:31 Gold Mining
18:52 Horse Collar
19:02 Town Watch
31:26 Fletching
32:10 Bodkin Arrow
35:40 Yasama
39:57 Wheelbarrow
42:40 Bow Saw
44:19 Heavy Plow
53:28 Ballistics
54:57 Guard Tower
57:00 Wheelbarrow
63:55 Imperial Age
61:53 Padded Archer Armor
63:32 Hand Cart
64:29 Leather Archer Armor
64:57 Bracer
66:00 Chemistry
65:03 Murder Holes
肥肠拌面
5:46 Loom
13:30 Feudal Age
15:05 Fishing Lines
18:47 Castle Age
19:20 Husbandry
19:31 Bloodlines
19:30 Scale Barding Armor
19:36 Forging
19:47 Double-Bit Axe
33:24 Chain Barding Armor
34:11 Gillnets
46:56 Imperial Age
50:36 Imperial Age
52:34 Cavalier
55:52 Guilds
55:56 Gold Mining
55:57 Stone Mining
60:29 Savar
66:39 Plate Barding Armor
66:40 Iron Casting
苏苏
13:13 Feudal Age
14:48 Loom
14:50 Town Watch
17:56 Fletching
22:03 Castle Age
20:10 Padded Archer Armor
22:09 Gold Mining
22:16 Crossbowman
24:47 Bodkin Arrow
25:48 Double-Bit Axe
26:41 Gold Shaft Mining
26:58 Leather Archer Armor
27:21 Fishing Lines
29:30 Town Patrol
31:01 Redemption
31:22 Ballistics
33:04 Horse Collar
33:37 Bow Saw
39:05 Imperial Age
37:01 Fervor
37:28 Stone Mining
39:18 Arbalester
41:14 Chemistry
45:58 Heavy Plow
49:56 Wheelbarrow
50:43 Elite Genitour
53:35 Stone Shaft Mining
54:16 Bracer
55:01 Wheelbarrow
57:24 Hand Cart
61:48 Crop Rotation
61:18 Murder Holes
62:30 Atlatl
63:29 Conscription
63:32 Elite Skirmisher
Connection lost

Rejoining the realm…

Still unreachable

The connection could not be restored.

Session expired

The server has moved on; the page needs a fresh start.